 Dungeon Crawl Stone Soup version 0.30.0-5-g1a98f26d00 (webtiles) character file.

Game seed: 3805431505596694315

1756497 juan097 the Acrobat (level 27, 199/205 HPs)
             Began as a Djinni Venom Mage on May 7, 2023.
             Was a High Priest of Ashenzari.
             Escaped with the Orb
             ... and 3 runes on May 8, 2023!
             The game lasted 06:15:14 (62708 turns).

juan097 the Acrobat (Djinni Venom Mage)            Turns: 62708, Time: 06:15:15

Health: 199/205    AC: 20    Str: 14    XL:     27
Gold:   8740       EV: 44    Int: 30    God:    Ashenzari [*****.] SH: 23 Dex: 31

rFire   + + .        b - staff of conjuration "Duabel" {Dex+5}
rCold   + + .        d - +5 Storm Queen's Shield {shock, Fly rElec, Range, Cun} (curse)
rNeg    . . .        J - +4 skin of Zhor {*Englaciate rC+++ SInv, Range, Self} (curse)
rPois   ∞            l - +2 hat "Circumscribed With Me" {Int+3, Self, Fort} (curse)
rElec   +            t - +2 cloak "Altruism of Ashenzari" {Will+, Self, Range} (curse)
rCorr   .            s - +2 pair of gloves of the Unyielding Gaze {Dex+3, Range, Self} (curse)
SInv    +            (boots unavailable)
Will    ++++.        L - amulet of Ouranomancy {Regen+, Self, Evo} (curse)
Stlth   +++          I - ring of the Eye in the Sky {Will+ AC+4 Str+4 Int-2 Stlth+, Fort, Range} (curse)
HPRegen 1.34/turn    Y - ring of the Fated Frustration {Dex+6, Cun, Self} (curse)
MPRegen 0.00/turn

%: clarity
@: flying, studying Unarmed Combat
A: sickness immunity, fire resistance 2, cold vulnerability 1, float, innate
caster, HP casting, extra vitality 1, berserk 1, clever 1, frail 1, strong 1,
inability to read after injury 1
0: Orb of Zot
}: 3/15 runes: barnacled, silver, gossamer
a: Renounce Religion, Curse Item, Shatter the Chains


You escaped.
You worshipped Ashenzari.
Ashenzari was extremely pleased with you.
You visited 10 branches of the dungeon, and saw 48 of its levels.
You also visited: Trove, Ossuary, Ice Cave and Volcano.

You collected 10260 gold pieces.
You spent 1520 gold pieces at shops.

Inventory:

Hand Weapons
 a - a +9 hand crossbow of flaming
 w - a +9 vampiric dagger
Missiles
 u - 2 throwing nets
 D - 12 curare-tipped darts
 T - 25 javelins
 Z - 9 silver javelins
Armour
 d - the cursed +5 Storm Queen's Shield (worn) {shock, Fly rElec, Range, Cun}
   (You found it on level 2 of the Depths)

   Shock:     When it blocks an attack, it may electrocute the attacker.
   This works even against foes who are a short distance away.
   rElec:     It insulates you from electricity.
   Fly:       It grants you flight.
   It has a curse which improves the following skills: Ranged Combat: Ranged
   Weapons and Throwing.
   Cunning:   Dodging and Stealth.
 l - the cursed +2 hat "Circumscribed With Me" (worn) {Int+3, Self, Fort}
   (You found it on level 5 of the Vaults)

   It has a curse which improves the following skills: Introspection: Fighting
   and Spellcasting.
   Fortitude: Armour and Shields.
 s - the cursed +2 pair of gloves of the Unyielding Gaze (worn) {Dex+3, Range, Self}
   (You acquired it on level 8 of the Dungeon)

   It has a curse which improves the following skills: Ranged Combat: Ranged
   Weapons and Throwing.
   Introspection: Fighting and Spellcasting.
 t - the cursed +2 cloak "Altruism of Ashenzari" (worn) {Will+, Self, Range}
   (You bought it in a shop on level 2 of the Orcish Mines)

   It has a curse which improves the following skills: Introspection: Fighting
   and Spellcasting.
   Ranged Combat: Ranged Weapons and Throwing.
 J - the cursed +4 skin of Zhor (worn) {*Englaciate rC+++ SInv, Range, Self}
   (You found it in an ice cave)

   *Englaciate: It radiates cold, occasionally slowing all nearby creatures who
   are not resistant to cold.
   rC:        It renders you almost immune to cold.
   SInv:      It lets you see invisible.
   It has a curse which improves the following skills: Ranged Combat: Ranged
   Weapons and Throwing.
   Introspection: Fighting and Spellcasting.
Magical Staves
 b - the staff of conjuration "Duabel" (weapon) {Dex+5}
   (You found it in an ice cave)

   [staff of conjuration]

   Your inability to study Conjurations prevents you from drawing on the full
   power of this staff in melee.
   Base accuracy: +5 Base damage: 5 Base attack delay: 1.2 This weapon's minimum
   attack delay (0.6) is reached at skill level 12.
   Dex:       It affects your dexterity (+5).
   It falls into the 'Staves' category.
   It is a one-handed weapon.
 S - the staff of death "Poogaroj" {rF+ rC+ rN+ rCorr}
   (You found it on level 4 of the Shoals)

   [staff of death]

   Your inability to study Necromancy prevents you from drawing on the full
   power of this staff in melee.
   Base accuracy: +5 Base damage: 5 Base attack delay: 1.2 This weapon's minimum
   attack delay (0.6) is reached at skill level 12.
   rF:        It protects you from fire.
   rC:        It protects you from cold.
   rN:        It protects you from negative energy.
   rCorr:     It protects you from acid and corrosion.
   It falls into the 'Staves' category.
   It is a one-handed weapon.
Jewellery
 I - the cursed ring of the Eye in the Sky (left hand) {Will+ AC+4 Str+4 Int-2 Stlth+, Fort, Range}
   (You found it on level 2 of the Depths)

   [ring of protection]

   AC:        It affects your AC (+4).
   Str:       It affects your strength (+4).
   Int:       It affects your intelligence (-2).
   Will:      It increases your willpower.
   Stlth:     It makes you more stealthy.
   It has a curse which improves the following skills: Fortitude: Armour and
   Shields.
   Ranged Combat: Ranged Weapons and Throwing.
 K - a ring of resist corrosion
 L - the cursed amulet of Ouranomancy (around neck) {Regen+, Self, Evo}
   (You bought it in a shop on level 2 of the Orcish Mines)

   [amulet of regeneration]

   Regen:     It increases your rate of health regeneration.
   It has a curse which improves the following skills: Introspection: Fighting
   and Spellcasting.
   Evocations: Evocations.
 V - an amulet of the acrobat
 Y - the cursed ring of the Fated Frustration (right hand) {Dex+6, Cun, Self}
   (You found it on level 7 of the Dungeon)

   [ring of dexterity]

   Dex:       It affects your dexterity (+6).
   It has a curse which improves the following skills: Cunning: Dodging and
   Stealth.
   Introspection: Fighting and Spellcasting.
Wands
 B - a wand of digging (43)
 O - a wand of charming (58)
 P - a wand of flame (66)
 Q - a wand of light (17)
 X - a wand of roots (26)
Scrolls
 c - 7 scrolls of enchant armour
 g - 19 scrolls of teleportation
 h - 10 scrolls of immolation
 i - a scroll of brand weapon
 k - 11 scrolls of fear
 m - 11 scrolls of blinking
 n - 7 scrolls of butterflies
 q - a scroll of acquirement
 r - 4 scrolls of enchant weapon
 v - 6 scrolls of magic mapping
 x - 8 scrolls of fog
 y - 7 scrolls of poison
 W - 2 scrolls of silence
Potions
 e - 9 potions of berserk rage
 f - 14 potions of heal wounds
 o - 9 potions of lignification
 p - 8 potions of haste
 z - 9 potions of might
 A - 13 potions of brilliance
 F - 3 potions of invisibility
 G - 9 potions of ambrosia
 H - 2 potions of resistance
 M - 3 potions of cancellation
 N - 4 potions of mutation
 R - 29 potions of curing
Miscellaneous
 j - a phial of floods
 C - a lightning rod (4/4)
 E - a box of beasts
 U - a phantom mirror


   Skills:
 - Level 20.6(27) Fighting
 - Level 10.1 Short Blades
 - Level 14.5(20.3) Ranged Weapons
 - Level 4.6(9.9) Throwing
 - Level 12.9(16.0) Armour
 - Level 24.5(27) Dodging
 - Level 8.1(11.3) Stealth
 - Level 13.9(17.0) Shields
 + Level 20.0(26.3) Spellcasting
 - Level 14.2(16.3) Evocations


You knew the following spells:

 Your Spells              Type           Power      Damage    Failure   Level
a - Sting                 Tmut/Pois      100%       1d8       0%          1
b - Poisonous Vapours     Pois/Air       100%       N/A       0%          2
c - Mephitic Cloud        Conj/Pois/Air  100%       N/A       0%          3
d - Olgreb's Toxic Radia  Pois           100%       N/A       0%          4
e - Magic Dart            Conj           100%       1d8       0%          1
f - Momentum Strike       Conj/Tloc      100%       3d10      0%          2
g - Passwall              Tmut/Erth      95%        N/A       0%          2
h - Cause Fear            Hex            57%        N/A       0%          4
i - Leda's Liquefaction   Hex/Erth       57%        N/A       0%          4
j - Yara's Violent Unrav  Hex/Tmut       57%        3d22      0%          5
k - Death Channel         Necr           57%        N/A       0%          6
l - Simulacrum            Ice/Necr       57%        N/A       0%          6
m - Summon Cactus Giant   Summ           57%        N/A       0%          6
n - Discord               Hex            57%        N/A       1%          8
o - Summon Horrible Thin  Summ           57%        N/A       1%          8
p - Chain Lightning       Conj/Air       69%        3d92      2%          9
q - Fire Storm            Conj/Fire      69%        8d18      2%          9
Your spell library was empty.

Dungeon Overview and Level Annotations

Branches:
Dungeon (15/15)            Temple (1/1) D:4            Lair (5/5) D:9
 Shoals (4/4) Lair:3       Spider (4/4) Lair:3        Slime (0/5) Lair:5
    Orc (2/2) D:10            Elf (3/3) Orc:2        Vaults (5/5) D:14
  Crypt (0/3) Vaults:3     Depths (4/4) D:15            Zot (5/5) Depths:4
Ossuary (visited)           IceCv (visited)         Volcano (visited)

Altars:
Ashenzari
Cheibriados
Dithmenos
Elyvilon
Fedhas
Gozag
Hepliaklqana
Makhleb
Nemelex Xobeh
Okawaru
Qazlal
Ru
Trog
Uskayaw
Wu Jian
Xom
Yredelemnul
Zin
The Shining One
Jiyva

Shops:
D:3 [   D:10 *[(!:   D:11 [   Orc:1 [   Orc:2 (=[*   Shoals:1 [   Shoals:3 !
Shoals:4 =   Vaults:2 ?   Depths:1 :   Depths:3 *(*

Portals:
Hell: Depths:1 Depths:2 Depths:3 Depths:4
Abyss: Depths:3 Depths:4
Pandemonium: Depths:2
Ziggurat: Depths:3

Annotations:
D:3 2 transporters, browni3141's ghost, novice BaNe
Lair:4 3 runed translucent doors, Fifowuza's ghost, journeyman DrTm; mdonais's ghost, journeyman OpWn
Shoals:2 3 runed translucent doors, Heezod's ghost, journeyman MiBe; Kehicw's ghost, adept HOBr; NateTC's ghost, adept GrFi; Tang's ghost, adept TeAE; thechecker02's ghost, adept GnFi
Zot:4 4 transporters


Innate Abilities, Weirdness & Mutations

You are immune to sickness and miasma.
You are immune to poison.
Your flesh is very heat resistant. (rF++)
You are vulnerable to cold. (rC-)
You float through the air rather than walking.
You learn spells naturally, not from books.
Your magical power is your life essence.
You have superior vitality. (+4 MHP)
You sometimes lose your temper in combat.
Your mind is acute. (Int +4, Str/Dex -1)
You are frail. (-10% HP)
Your muscles are strong. (Str +4, Int/Dex -1)
You occasionally lose the ability to read scrolls when taking damage.


Message History

The bolt of lightning hits you! You resist.
Unknown command.
(D) Dungeon (T) Temple (L) Lair (A) Shoals (N) Spider Nest (M) Slime Pits (O) Orcish Mines (E) Elven Halls (V) Vaults (C) Crypt (U) Depths (H) Hell (Z) Zot
Where to? (Enter - D:1, ? - help)
There is a stone staircase leading up here.
You fly upwards.
There is a stone staircase leading down here.
There is an open door here.
There is a stone staircase leading down here.
There is an open door here.
You see here a +0 ring mail.
There is a stone staircase leading up here.
You fly upwards.
There is a stone staircase leading down here.
HP restored.
There is a stone staircase leading up here.
There is a stone staircase leading up here.
You fly upwards.
Level annotation: 2 transporters, browni3141's ghost, novice BaNe
There is a stone staircase leading down here.
There is a stone staircase leading up here.
You fly upwards.
There is a stone staircase leading down here.
There is a stone staircase leading up here.
You fly upwards.
There is a stone staircase leading down here.
You sense a monster nearby.
A soul eater comes into view.
Casting: Chain Lightning (dangerous; 2% risk of failure)
Confirm with . or Enter, or press ? or * to list all spells.
You feel a surge of power! Lightning arcs from your hands!
The bolt of lightning hits the soul eater!!!!
You kill the soul eater!
The bolt of lightning hits you! You resist.
Unknown command.
There is a staircase leading out of the dungeon here.
You have escaped!

..# #.###...♣...##..[...... #.#
#.##..P.♣♣P.##......### #.#
#.#......♣..#.......#.. #.#
#........PP...####+##.. #.#
##............## #..... #.#
###...P...P...#.# #####. #.##
#...............# ####. #..#
#...P..P...♣.P..# #.... ##.#
#..P♣.P♣.@...PP)# #.###
#.#####.....♣♣....PP.## #.###
#.....##...PP.♣P..P..# #.#..
#####.........PP..).## #.#.#
#########.........#.## #.#.#
.....................# #.#.#
##################...### #...#
.......................# #..##
...################..#.######..#


There were no monsters in sight!

Vanquished Creatures
  An ancient lich (Zot:5)
  2 orbs of fire
  The ghost of Urrumaza the Conqueror, a master MfBe of Trog (Zot:4)
  Boris (D:12)
  4 Killer Klowns (Zot:5)
  Margery (Depths:3)
  4 caustic shrikes
  A curse toe (Zot:4)
  7 golden dragons
  Nikola (Shoals:2)
  A hellephant (Vaults:3)
  4 electric golems
  An Ice Fiend (Zot:2)
  Jorgrun (Elf:2)
  Rupert (Orc:2)
  2 pandemonium lords
  4 liches
  24 Orb Guardians
  7 tentacled monstrosities
  Asterion (Vaults:2)
  A deep elf blademaster (Elf:3)
  A walking earthen tome (Depths:2)
  3 quicksilver dragons
  A titan (Vaults:5)
  A kraken (Shoals:4)
  5 sphinxes
  A deep elf master archer (Elf:3)
  7 death cobs
  A tengu reaver (Vaults:5)
  A revenant (Vaults:1)
  18 storm dragons
  10 shadow dragons
  3 demonspawn warmongers
  6 fire giants
  4 draconian monks
  10 frost giants
  5 deep elf sorcerers
  6 draconian scorchers
  A balrug (Vaults:3)
  14 vault wardens
  6 draconian knights
  6 emperor scorpions
  8 ghost moths
  3 draconian shifters
  An orc warlord (Orc:2)
  An angel (D:8)
  3 draconian annihilators
  A spriggan defender (Depths:2)
  13 ironbound preservers
  A cacodemon (Zot:3)
  17 very ugly things
  A demonspawn blood saint (D:10)
  2 reapers
  2 draconian stormcallers (Zot:1)
  A broodmother (Spider:3)
  4 vampire knights
  2 war gargoyles
  17 stone giants
  An ironbound thunderhulk (Vaults:4)
  8 black draconians
  13 dire elephants
  7 deep elf demonologists
  10 green draconians
  2 pale draconians (Depths:4)
  10 purple draconians
  8 deep elf annihilators
  The ghost of Ribudoz the Blocker, a journeyman GnFi of Okawaru (Lair:5)
  A bunyip (shapeshifter) (Vaults:5)
  5 yellow draconians
  8 white draconians
  7 red draconians
  5 spark wasps
  3 crystal guardians (Vaults:4)
  2 blizzard demons (IceCv)
  A spark wasp (shapeshifter) (Depths:2)
  4 deep elf death magi
  6 ettins
  4 eidola
  2 merfolk javelineers
  A merfolk impaler (Depths:3)
  8 deep elf high priests
  8 fire dragons
  A great orb of eyes (shapeshifter) (Vaults:5)
  4 hell beasts (Depths:1)
  An entropy weaver (Vaults:3)
  7 yaktaur captains
  2 peacekeepers (Vaults:4)
  7 great orbs of eyes
  14 vault guards
  A caustic shrike simulacrum (IceCv)
  3 hydras
  3 ice dragons
  5 spriggan air magi
  An alligator snapping turtle (Shoals:4)
  7 ironbound frosthearts
  Erica (D:9)
  3 radroaches
  6 two-headed ogres
  4 centaur warriors
  An ogre mage (Vaults:5)
  A catoblepas (Lair:3)
  8 deep troll shamans
  4 boulder beetles
  8 deep troll earth magi
  2 satyrs (Shoals:4)
  5 hell hogs
  27 dancing weapons
  3 tengu warriors
  A death yak (Vaults:2)
  24 hell knights
  An orc high priest (Orc:2)
  Urug (Lair:5)
  2 vampire magi
  4 spriggan berserkers
  7 soul eaters
  16 deep elf knights
  A shadow wraith (Vaults:1)
  4 sun demons
  A salamander mystic (Volcano)
  6 iron trolls
  4 sea snakes
  2 orb spiders (shapeshifter) (Vaults:5)
  3 pharaoh ants
  7 orb spiders
  3 flayed ghosts
  A bog body (IceCv)
  8 deep elf archers
  4 glowing orange brains (Depths:2)
  48 deep trolls
  4 wizards
  5 phantasmal warriors
  9 spriggan simulacra (IceCv)
  5 necromancers
  4 lindwurms
  A sphinx zombie (Depths:1)
  2 steelbarb worms (Spider:2)
  5 orc knights (Orc:2)
  25 ironbound convokers
  An obsidian statue (IceCv)
  28 deep elf zephyrmancers
  26 deep elf pyromancers
  An oklob plant (Lair:2)
  A will-o-the-wisp (Lair:4)
  A frost giant zombie (Depths:1)
  A tengu skeleton (Depths:1)
  4 orc sorcerers
  A stone giant zombie (Vaults:3)
  16 ugly things
  2 salamanders
  14 fauns
  A shadow dragon skeleton (Depths:1)
  15 cyclopes
  A cyclops (shapeshifter) (Vaults:1)
  14 moths of wrath
  An elephant (shapeshifter) (Depths:4)
  15 wolf spiders
  9 manticores
  3 merfolk sirens
  A manticore (shapeshifter) (Depths:2)
  A fire giant zombie (Depths:1)
  5 black mambas
  8 elephants (Lair:5)
  4 gargoyles
  A water nymph (shapeshifter) (D:15)
  11 cane toads
  15 vault sentinels
  2 water nymphs
  2 torpor snails (Spider:4)
  4 molten gargoyles (Volcano)
  A smoke demon (Depths:1)
  3 demonic crawlers
  2 unseen horrors (D:12)
  3 rime drakes
  19 yaktaurs
  2 efreet
  9 komodo dragons
  A hellion (D:6)
  7 kobold demonologists
  5 freezing wraiths
  11 ice devils (IceCv)
  A guardian mummy (D:15)
  3 tengu conjurers
  2 hellwings
  2 golden dragon simulacra (IceCv)
  5 trolls
  7 polar bears
  16 merfolk
  14 tarantellas
  Prince Ribbit (D:9)
  12 meliai
  12 hornets
  3 blink frogs (Lair:1)
  A wind drake (Shoals:3)
  Grinder (D:3)
  5 snapping turtles
  24 dream sheep
  A human skeleton (Vaults:3)
  19 jumping spiders
  6 culicivoras
  25 slime creatures
  3 air elementals
  A flying skull (Vaults:3)
  A shadow (D:13)
  6 basilisks
  Sigmund (D:4)
  3 wraiths
  2 dire elephant simulacra (IceCv)
  4 vampires
  34 yaks
  15 spriggans
  8 wyverns
  2 fire elementals
  14 water elementals
  7 minotaur simulacra (IceCv)
  18 redbacks
  4 steam dragons
  A neqoxec (D:8)
  3 vampire mosquitoes
  2 harpy simulacra (IceCv)
  A redback (shapeshifter) (Vaults:5)
  2 death yak simulacra (Lair:5)
  A warg (Orc:1)
  A hydra simulacrum (Lair:5)
  12 water moccasins
  6 acid dragons
  27 orc warriors
  5 large abominations
  4 ice beasts
  An alligator simulacrum (IceCv)
  3 black bears
  An ettin simulacrum (IceCv)
  A sky beast (shapeshifter) (Elf:2)
  A swamp drake (Lair:4)
  2 black mamba simulacra (Lair:5)
  10 ogres
  9 boggarts
  23 wolves
  5 centaurs
  5 kobold brigands
  Blork the orc (Orc:2)
  7 elf zombies
  8 bullfrogs
  8 scorpions
  5 deep troll simulacra (IceCv)
  2 gnoll sergeants
  19 wights
  A lindwurm simulacrum (IceCv)
  27 killer bees (D:11)
  4 howler monkeys
  5 electric eels
  A crimson imp (D:8)
  2 centaur zombies (Ossuary)
  3 jellies
  2 komodo dragon simulacra (Lair:5)
  A hound (D:5)
  14 orc priests
  A gnoll bouda (D:8)
  2 human zombies
  A sleepcap (D:5)
  Ijyb (D:3)
  4 iguanas
  23 orc wizards
  3 mummies
  11 gnolls
  9 adders
  3 white imps
  3 ufetubi
  An adder zombie (Ossuary)
  A dart slug (D:1)
  65 orcs
  4 bats
  3 endoplasms
  9 goblins
  9 hobgoblins
  4 jackals (D:3)
  4 quokkas
  A ball python (D:2)
  3 frilled lizards
  2 goblin zombies (Ossuary)
  11 hobgoblin zombies (Ossuary)
  36 kobolds
  10 kobold zombies (Ossuary)
  7 orc zombies (Ossuary)
  24 rats
  A rat zombie (Ossuary)
  A fire vortex (Depths:2)
1767 creatures vanquished.

Vanquished Creatures (collateral kills)
  2 orbs of fire
  2 ancient liches (Vaults:5)
  Boris (twice) (Vaults:3 Depths:3)
  A Killer Klown (Zot:3)
  A caustic shrike (Depths:4)
  Bai Suzhen (Spider:4)
  6 curse toes
  The ghost of TuffENuff the Formicid Cataclysm, a veteran FoFi of Qazlal (Vaults:1)
  A golden dragon (Vaults:5)
  An electric golem (Zot:1)
  2 tentacled monstrosities
  2 liches (Vaults:5)
  A quicksilver dragon (Zot:5)
  A deep elf master archer (Elf:3)
  3 titans (Vaults:5)
  A death cob (Zot:1)
  A deep elf blademaster (Elf:3)
  2 shadow dragons
  3 sphinxes
  2 draconian monks
  Donald (Vaults:2)
  A revenant (Vaults:1)
  3 tengu reavers
  A fire giant (Depths:2)
  4 deep elf sorcerers (Elf:3)
  7 emperor scorpions
  A draconian knight (Zot:3)
  2 ghost moths (Spider:4)
  An iron dragon (Depths:2)
  7 draconian scorchers
  A frost giant (Vaults:5)
  A vault warden (Vaults:2)
  2 deep elf elementalists
  2 draconian shifters (Zot:2)
  3 ironbound preservers
  3 draconian annihilators
  2 stone giants
  4 draconian stormcallers
  An orc warlord (Vaults:1)
  12 very ugly things
  3 broodmothers
  2 cacodemons (Zot:3)
  3 black draconians
  2 deep elf demonologists
  A vampire knight (Depths:2)
  12 green draconians
  2 deep elf annihilators (Elf:3)
  5 red draconians
  7 white draconians
  6 yellow draconians
  2 dire elephants
  2 spark wasps
  4 purple draconians
  3 merfolk javelineers
  2 ettins
  3 merfolk impalers
  5 fire dragons
  2 great orbs of eyes
  3 deep elf death magi (Elf:3)
  3 deep elf high priests
  A yaktaur captain (Vaults:3)
  20 vault guards
  4 ironbound frosthearts
  A peacekeeper (Vaults:1)
  2 merfolk avatars
  A hydra (D:14)
  A jorogumo (Spider:2)
  6 ice dragons
  An alligator snapping turtle (Shoals:4)
  2 radroaches (Spider:1)
  A rakshasa (Depths:2)
  2 centaur warriors (D:15)
  2 ogre magi
  2 spriggan air magi (Depths:3)
  A satyr (Shoals:4)
  4 merfolk aquamancers
  2 two-headed ogres
  A satyr (shapeshifter) (Vaults:5)
  4 deep troll shamans
  A dancing weapon (Elf:3)
  2 tengu warriors (Depths:2)
  3 deep troll earth magi
  3 hell knights (Vaults:3)
  A deep elf knight (Elf:2)
  2 shadow wraiths
  2 skysharks
  5 pharaoh ants
  An iron troll (Depths:3)
  7 sea snakes
  A death drake (shapeshifter) (Vaults:5)
  27 deep trolls
  A flayed ghost (Depths:3)
  2 orb spiders (Spider:4)
  A spriggan simulacrum (IceCv)
  3 ironbound convokers
  3 steelbarb worms (Spider:4)
  4 wizards
  4 lindwurms
  A phantasmal warrior (Depths:4)
  A deep elf pyromancer (Elf:2)
  A stone giant zombie (Vaults:3)
  12 fauns
  13 ugly things
  12 wolf spiders
  6 manticores
  A deep elf zephyrmancer (Elf:3)
  3 cyclopes
  6 water nymphs
  3 merfolk sirens
  2 guardian serpents (Depths:3)
  11 moths of wrath
  3 torpor snails
  5 vault sentinels
  A kobold demonologist (D:11)
  10 yaktaurs
  A meliai (shapeshifter) (Vaults:5)
  4 tengu conjurers (Depths:2)
  A meliai (Depths:2)
  2 wind drakes (Shoals:1)
  A troll (D:11)
  10 merfolk
  6 tarantellas
  4 hornets
  14 slime creatures
  3 dream sheep
  3 snapping turtles
  7 jumping spiders
  6 culicivoras
  7 water elementals
  A shadow (D:11)
  A wraith (D:11)
  2 yaks (D:11)
  Grum (D:11)
  18 redbacks
  An orc warrior (Orc:2)
  3 ogres
  A wolf (D:11)
  A boggart (Vaults:3)
  2 centaurs (D:15)
  A kobold brigand (D:13)
  A glowing shapeshifter simulacrum (Vaults:3)
  4 wights (D:8)
  7 killer bees (D:11)
  A gnoll bouda (Orc:2)
  2 orc wizards
  An orc (Orc:2)
506 creatures vanquished.

Vanquished Creatures (others)
  An Orb Guardian (Zot:5)
  An eldritch tentacle (Zot:5)
  A sphinx (Vaults:5)
  A draconian scorcher (Zot:4)
  A deep elf elementalist (Elf:3)
  4 draconian annihilators
  A very ugly thing (Vaults:5)
  4 green draconians
  4 black draconians
  2 yellow draconians
  3 red draconians
  3 white draconians
  A merfolk javelineer (Shoals:4)
  4 vault guards (Vaults:5)
  A deep elf zephyrmancer (Elf:2)
  14 fire vortices
  2 foxfires (Lair:4)
  4 tentacles (Shoals:4)
52 creatures vanquished.

Grand Total: 2325 creatures vanquished

Notes
Turn   | Place    | Note
-------+----------+-------------------------------------------
     0 | D:1      | juan097 the Djinni Venom Mage began the quest for the Orb.
     0 | D:1      | juan097 set off with the following spells memorised: Sting,
                  | Poisonous Vapours, Mephitic Cloud, Olgreb's Toxic Radiance.
     0 | D:1      | Reached XP level 1. HP: 15/15 MP: 0/0
   158 | D:1      | Reached XP level 2. HP: 21/22 MP: 0/0
   493 | D:1      | Reached skill level 1 in Fighting
   978 | D:1      | Reached XP level 3. HP: 22/27 MP: 0/0
   978 | D:1      | Learned a level 1 spell: Magic Dart
  1309 | D:2      | Found an iron altar of Okawaru.
  1837 | D:3      | Reached XP level 4. HP: 26/33 MP: 0/0
  2107 | D:3      | Found a transporter.
  2113 | D:3      | Noticed browni3141's ghost (novice BaNe)
  2154 | D:3      | Noticed Grinder
  2161 | D:3      | Paralysed by Grinder for 4 turns
  2183 | D:3      | Killed Grinder
  2184 | D:3      | Reached XP level 5. HP: 16/40 MP: 0/0
  2184 | D:3      | Learned a level 2 spell: Momentum Strike
  2184 | D:3      | Reached XP level 6. HP: 18/46 MP: 0/0
  2736 | D:3      | Reached XP level 7. HP: 30/51 MP: 0/0
  2736 | D:3      | Learned a level 2 spell: Passwall
  2844 | D:3      | Found a transporter.
  3146 | D:3      | Noticed Ijyb
  3155 | D:3      | Killed Ijyb
  3156 | D:3      | Found Ivomolo's Antique Armour Shoppe.
  3203 | D:3      | Bought an embroidered cloak for 157 gold pieces
  3881 | D:4      | Noticed Sigmund
  3889 | D:4      | Killed Sigmund
  3939 | D:4      | Found a staircase to the Ecumenical Temple.
  4049 | Temple   | Entered the Ecumenical Temple
  4098 | Temple   | Became a worshipper of Ashenzari the Shackled
  4354 | D:5      | Entered Level 5 of the Dungeon
  4443 | D:5      | Found a sand-covered staircase.
  4450 | D:5      | Reached XP level 8. HP: 54/58 MP: 0/0
  4549 | Ossuary  | Entered an ossuary
  4560 | Ossuary  | Reached skill level 5 in Spellcasting
  5639 | D:5      | Reached skill level 1 in Armour
  5810 | D:5      | Reached skill level 3 in Dodging
  5810 | D:5      | Reached XP level 9. HP: 48/63 MP: 0/0
  5810 | D:5      | Learned a level 4 spell: Cause Fear
  6398 | D:3      | Bought a runed leather armour for 105 gold pieces
  6909 | D:6      | Found a glowing golden altar of the Shining One.
  6909 | D:6      | Found a blossoming altar of Fedhas.
  6945 | D:6      | Found a hide-covered altar of Uskayaw.
  6947 | D:6      | Found a burning altar of Makhleb.
  6982 | D:6      | Reached skill level 5 in Fighting
  7050 | D:6      | Reached skill level 4 in Dodging
  7191 | D:6      | Reached skill level 5 in Stealth
  7283 | D:6      | Found a large runed translucent door.
  7284 | D:6      | Found a large runed translucent door.
  7450 | D:6      | Found an opulent altar of Gozag.
  7554 | D:6      | Found a sacrificial altar of Ru.
  8242 | D:7      | Reached XP level 10. HP: 64/72 MP: 0/0
  9082 | D:3      | Bought a helmet for 94 gold pieces
  9565 | D:8      | Found the +8 longbow "Zephyr" {speed, Dex+3 SInv}
  9958 | D:8      | Found a white marble altar of Elyvilon.
 10094 | D:8      | Reached * piety under Ashenzari
 10094 | D:8      | Identified a scroll of acquirement
 10370 | D:8      | Acquired a +1 pair of gloves of dexterity
 10462 | D:9      | Noticed a cyclops
 10466 | D:9      | Noticed a two-headed ogre
 10483 | D:9      | Killed a cyclops
 10484 | D:9      | Reached skill level 1 in Ranged Weapons
 10486 | D:9      | Killed a two-headed ogre
 10662 | D:9      | Found a staircase to the Lair.
 10806 | D:9      | Reached skill level 5 in Dodging
 10806 | D:9      | Reached XP level 11. HP: 74/82 MP: 0/0
 10806 | D:9      | Learned a level 4 spell: Leda's Liquefaction
 10833 | D:9      | Noticed Erica
 10988 | D:9      | Noticed a wizard
 11000 | D:9      | Killed a wizard
 11001 | D:9      | Reached skill level 1 in Short Blades
 11022 | D:9      | Killed Erica
 11436 | D:9      | Noticed Prince Ribbit
 11445 | D:9      | Killed Prince Ribbit
 11959 | Lair:1   | Entered Level 1 of the Lair of Beasts
 12818 | Lair:1   | You are sucked into a shaft and drop 1 floor!
 12828 | Lair:2   | Reached XP level 12. HP: 78/91 MP: 0/0
 12852 | Lair:2   | Reached skill level 10 in Fighting
 13361 | Lair:1   | Reached skill level 10 in Spellcasting
 13593 | Lair:1   | Reached skill level 1 in Evocations
 13819 | Lair:2   | Identified the +8 dagger "Weusyzes" {heavy, Str+2}
 14609 | Lair:3   | Noticed a catoblepas
 14629 | Lair:3   | Killed a catoblepas
 14846 | Lair:3   | Reached skill level 5 in Ranged Weapons
 14999 | Lair:3   | Found a staircase to the Shoals.
 15024 | Lair:3   | Reached XP level 13. HP: 83/97 MP: 0/0
 15024 | Lair:3   | Learned a level 5 spell: Yara's Violent Unravelling
 15133 | Lair:3   | Identified the +12 dagger "Toydoczu" {freeze, rN++ Int-2
                  | Dex-4 SInv}
 15146 | Lair:3   | Found a hole to the Spider Nest.
 15697 | Lair:3   | Reached skill level 5 in Short Blades
 15965 | Lair:4   | Reached ** piety under Ashenzari
 16063 | Lair:4   | Found a runed translucent gate.
 16064 | Lair:4   | Found a runed translucent gate.
 16065 | Lair:4   | Found a runed translucent gate.
 16099 | Lair:4   | Noticed Fifowuza's ghost (journeyman DrTm)
 16100 | Lair:4   | Noticed mdonais's ghost (journeyman OpWn)
 16429 | Lair:5   | Entered Level 5 of the Lair of Beasts
 16519 | Lair:5   | Noticed an eight-headed hydra
 17851 | Lair:5   | Reached XP level 14. HP: 68/107 MP: 0/0
 17883 | Lair:5   | Reached skill level 6 in Dodging
 18004 | Lair:5   | Found a runed translucent gate.
 18004 | Lair:5   | Found a runed translucent gate.
 18004 | Lair:5   | Found a runed translucent gate.
 18046 | Lair:5   | Noticed Ribudoz's ghost (journeyman GnFi)
 18048 | Lair:5   | Reached *** piety under Ashenzari
 18090 | Lair:5   | Noticed Urug
 18249 | D:7      | Upgraded the game from 0.30.0-3-ga4e48a9924 to
                  | 0.30.0-5-g1a98f26d00
 18627 | Lair:5   | Killed Urug
 18819 | Lair:5   | Found a staircase to the Slime Pits.
 18820 | Lair:5   | Found a viscous altar of Jiyva.
 18887 | Lair:5   | Reached skill level 7 in Dodging
 19391 | Lair:5   | Killed Ribudoz's ghost
 19392 | Lair:5   | Reached skill level 8 in Dodging
 19734 | D:10     | Entered Level 10 of the Dungeon
 19734 | D:10     | Found Bykh's Antique Armour Boutique.
 19834 | D:10     | Identified the +0 pair of gloves "Jinaucki" {-Cast Harm rN+
                  | Str+3}
 19864 | D:10     | Found a staircase to the Orcish Mines.
 19926 | D:10     | Found Ninown's Book Boutique.
 20131 | D:10     | Found Veuti's Weapon Emporium.
 20140 | D:10     | Found Ifuyrghe's Distillery.
 20148 | D:10     | Bought a potion of resistance for 160 gold pieces
 20352 | D:10     | Found Ogosag's Assorted Antiques.
 20360 | D:10     | Bought a metallic orange potion for 24 gold pieces
 20360 | D:10     | Bought a potion of heal wounds for 135 gold pieces
 20543 | Orc:1    | Entered Level 1 of the Orcish Mines
 20751 | Orc:1    | Found a transporter.
 20753 | Orc:1    | Found Sefohoaq's Antique Armour Shop.
 21022 | Orc:2    | Entered Level 2 of the Orcish Mines
 21077 | Orc:2    | Found a dark tunnel.
 21083 | Volcano  | Entered a volcano
 21276 | Volcano  | Reached skill level 9 in Dodging
 21402 | Volcano  | Noticed a red draconian
 21427 | Volcano  | Killed a red draconian
 21552 | Volcano  | Noticed an orb of fire
 21584 | Volcano  | Noticed an orb of fire
 21687 | Orc:2    | Noticed an orc warlord
 21710 | Orc:2    | Killed an orc warlord
 21779 | Orc:2    | Noticed Rupert
 21901 | Orc:2    | Killed Rupert
 22159 | Orc:2    | Noticed Blork the orc
 22166 | Orc:2    | Killed Blork the orc
 22309 | Orc:2    | Reached XP level 15. HP: 109/118 MP: 0/0
 22309 | Orc:2    | Learned a level 6 spell: Death Channel
 22569 | Orc:2    | Found Qyful's Jewellery Shop.
 22571 | Orc:2    | Found Jariacor's Antique Weapon Shop.
 22575 | Orc:2    | Found Yvvithic's Antique Armour Shop.
 22579 | Orc:2    | Found Tohoba's General Store.
 22610 | Orc:2    | Reached skill level 10 in Dodging
 22691 | Orc:2    | Bought a scroll of blinking for 112 gold pieces
 22917 | Orc:2    | Found a staircase to the Elven Halls.
 23273 | Orc:2    | Bought an amulet of regeneration for 300 gold pieces
 23294 | Orc:2    | Bought a glowing cloak for 210 gold pieces
 23300 | Orc:2    | Bought a ripped robe for 159 gold pieces
 23300 | Orc:2    | Identified the +0 robe "Uvve" {Harm Rampage} (You bought it
                  | in a shop on level 2 of the Orcish Mines)
 23388 | D:10     | Bought a potion of might for 64 gold pieces
 23708 | Orc:1    | Found a transporter.
 24220 | D:11     | Found Gibullag's Antique Armour Shop.
 24309 | D:11     | Reached **** piety under Ashenzari
 24342 | D:11     | Reached skill level 1 in Throwing
 24367 | D:11     | Noticed Grum
 24372 | D:11     | Killed Grum
 24381 | D:11     | Reached skill level 10 in Ranged Weapons
 25109 | D:12     | Reached skill level 11 in Dodging
 25606 | D:13     | Identified the Verses on Sinister Magic and the Zephyr
 26882 | D:14     | Reached XP level 16. HP: 125/128 MP: 0/0
 26895 | D:14     | Found a frozen archway.
 26908 | IceCv    | Entered an ice cave
 26953 | IceCv    | Identified the +1 pair of boots of Conscience {Int-3
                  | Slay+5}
 27062 | IceCv    | Reached skill level 12 in Dodging
 27237 | IceCv    | Identified the amulet of Cuph {Acrobat rC+ Str+2}
 27279 | IceCv    | HP: 2/128 [spriggan defender simulacrum (19)]
 27675 | IceCv    | Identified the staff of conjuration "Duabel" {Dex+5}
 27861 | IceCv    | Found the +4 skin of Zhor {*Englaciate rC+++ SInv}
 28067 | D:14     | Found a gate to the Vaults.
 28092 | D:14     | Reached skill level 5 in Evocations
 28338 | D:15     | Entered Level 15 of the Dungeon
 28375 | D:15     | Reached skill level 5 in Armour
 28739 | D:15     | Reached skill level 13 in Dodging
 28746 | D:15     | Reached XP level 17. HP: 129/135 MP: 0/0
 28746 | D:15     | Learned a level 6 spell: Simulacrum
 28907 | D:15     | Found a portal to a secret trove of treasure.
 29192 | D:15     | You paid a toll of 3 potions of resistance to enter a
                  | treasure trove
 29193 | Trove    | Entered a treasure trove
 29525 | Spider:1 | Entered Level 1 of the Spider Nest
 30226 | Spider:2 | Reached skill level 14 in Dodging
 31667 | Spider:3 | Reached skill level 15 in Dodging
 31830 | Spider:3 | Reached XP level 18. HP: 127/146 MP: 0/0
 32088 | Spider:4 | Entered Level 4 of the Spider Nest
 32206 | Spider:4 | Noticed Bai Suzhen
 32211 | Spider:4 | Killed Bai Suzhen
 32468 | Spider:4 | Reached skill level 16 in Dodging
 32591 | Spider:4 | Got a gossamer rune of Zot
 32637 | Spider:4 | Identified the +4 pair of boots of Compassion {+Blink rPois
                  | Regen+ SInv}
 33365 | Shoals:1 | Entered Level 1 of the Shoals
 33526 | Shoals:1 | Found Xupisac's Armour Shoppe.
 33694 | Shoals:1 | Reached XP level 19. HP: 152/155 MP: 0/0
 33694 | Shoals:1 | Learned a level 6 spell: Summon Cactus Giant
 34269 | Shoals:2 | Noticed Nikola
 34282 | Shoals:2 | Killed Nikola
 34283 | Shoals:2 | Reached skill level 15 in Fighting
 34753 | Shoals:2 | Found a runed translucent gate.
 34754 | Shoals:2 | Found a runed translucent gate.
 34755 | Shoals:2 | Found a runed translucent gate.
 34756 | Shoals:2 | Noticed Heezod's ghost (journeyman MiBe)
 34756 | Shoals:2 | Noticed Kehicw's ghost (adept HOBr)
 34756 | Shoals:2 | Noticed thechecker02's ghost (adept GnFi)
 34756 | Shoals:2 | Noticed NateTC's ghost (adept GrFi)
 34757 | Shoals:2 | Noticed Tang's ghost (adept TeAE)
 35139 | Shoals:3 | Found Ytow's Distillery.
 35981 | Shoals:4 | Entered Level 4 of the Shoals
 36031 | Shoals:4 | Identified the staff of death "Poogaroj" {rF+ rC+ rN+
                  | rCorr}
 36409 | Shoals:4 | Reached skill level 17 in Dodging
 36421 | Shoals:4 | Identified the +6 long sword "Fuxtem" {freeze, +Blink
                  | Str+4}
 36453 | Shoals:4 | Identified the Secrets of the Whammy
 36522 | Shoals:4 | Got a barnacled rune of Zot
 36763 | Shoals:4 | Found Kaqi's Jewellery Shoppe.
 37729 | Vaults:1 | Entered Level 1 of the Vaults
 37912 | Vaults:1 | Reached XP level 20. HP: 138/164 MP: 0/0
 38104 | Vaults:1 | Reached skill level 18 in Dodging
 38351 | Vaults:1 | Identified the +4 war axe of Massacring {holy, Str+3 Dex+2}
 38498 | Vaults:1 | Found a runed translucent gate.
 38498 | Vaults:1 | Found a runed translucent gate.
 38499 | Vaults:1 | Found a runed translucent gate.
 38501 | Vaults:1 | Noticed TuffENuff's ghost (veteran FoFi)
 39298 | Vaults:2 | Reached skill level 10 in Evocations
 39464 | Vaults:2 | Reached skill level 19 in Dodging
 39488 | Vaults:2 | Found Ridwuqan's Magic Scroll Shop.
 39713 | Vaults:2 | Noticed Asterion
 39717 | Vaults:2 | Noticed Donald
 39725 | Vaults:2 | Killed Donald
 39733 | Vaults:2 | Killed Asterion
 39893 | Vaults:2 | Reached XP level 21. HP: 171/171 MP: 0/0
 39893 | Vaults:2 | Learned a level 8 spell: Discord
 40453 | Vaults:3 | Found a staircase to the Crypt.
 40498 | Vaults:3 | Found a huge runed gate.
 40498 | Vaults:3 | Found a huge runed gate.
 40498 | Vaults:3 | Found a huge runed gate.
 40498 | Vaults:3 | Found a huge runed gate.
 40498 | Vaults:3 | Found a huge runed gate.
 40498 | Vaults:3 | Found a huge runed gate.
 40498 | Vaults:3 | Found a huge runed gate.
 40499 | Vaults:3 | Found a huge runed gate.
 40499 | Vaults:3 | Found a huge runed gate.
 40499 | Vaults:3 | Found a huge runed gate.
 40509 | Vaults:3 | Found a huge runed gate.
 40509 | Vaults:3 | Found a huge runed gate.
 40509 | Vaults:3 | Found a huge runed gate.
 40509 | Vaults:3 | Found a huge runed gate.
 40509 | Vaults:3 | Found a huge runed gate.
 40509 | Vaults:3 | Found a huge runed gate.
 40510 | Vaults:3 | Found a huge runed gate.
 41049 | Vaults:3 | Found a huge runed gate.
 41049 | Vaults:3 | Found a huge runed gate.
 41049 | Vaults:3 | Found a huge runed gate.
 41049 | Vaults:3 | Found a huge runed gate.
 41049 | Vaults:3 | Found a huge runed gate.
 41049 | Vaults:3 | Found a huge runed gate.
 41049 | Vaults:3 | Found a huge runed gate.
 41050 | Vaults:3 | Found a huge runed gate.
 41050 | Vaults:3 | Found a huge runed gate.
 41057 | Vaults:3 | Found a huge runed gate.
 41057 | Vaults:3 | Found a huge runed gate.
 41057 | Vaults:3 | Found a huge runed gate.
 41057 | Vaults:3 | Found a huge runed gate.
 41057 | Vaults:3 | Found a huge runed gate.
 41057 | Vaults:3 | Found a huge runed gate.
 41058 | Vaults:3 | Found a huge runed gate.
 41059 | Vaults:3 | Found a huge runed gate.
 41060 | Vaults:3 | Found a huge runed gate.
 41127 | Vaults:3 | Found a huge runed gate.
 41215 | Vaults:3 | Noticed Boris
 41228 | Vaults:3 | Killed Boris
 41596 | Vaults:3 | Reached ***** piety under Ashenzari
 41997 | Vaults:4 | Reached XP level 22. HP: 141/182 MP: 0/0
 42316 | Vaults:4 | Acquired 591 gold pieces
 43366 | Elf:1    | Entered Level 1 of the Elven Halls
 43743 | Elf:1    | Identified the Quarto of Production
 43811 | Elf:1    | Identified the Incunabulum of Sciomancy
 44012 | Elf:2    | Found a runed translucent gate.
 44017 | Elf:2    | Found a runed translucent gate.
 44036 | Elf:2    | Found a runed translucent gate.
 44107 | Elf:2    | Identified the +7 falchion of the Warrior {heavy, Dex+5}
 44661 | Elf:2    | Reached XP level 23. HP: 192/192 MP: 0/0
 44661 | Elf:2    | Learned a level 8 spell: Summon Horrible Things
 44794 | Elf:2    | Noticed Jorgrun
 44808 | Elf:2    | Killed Jorgrun
 45048 | Elf:3    | Entered Level 3 of the Elven Halls
 46305 | Elf:3    | Identified the +8 halberd "Ocoigg" {freeze, rN+ Str-5 Int+2
                  | Dex+4}
 46397 | Elf:3    | Identified the +1 ring mail of the Barber Surgeon {-Tele
                  | rPois Will+ Int+2}
 46397 | Elf:3    | Identified the Anthology of Wyrd
 46404 | Elf:3    | Identified the staff of cold "Uvilemoy" {rF+ rC+ Int-3
                  | Dex+4 SInv}
 46418 | Elf:3    | Found the +8 lance "Wyrmbane" {slay drac, rPois rF+ rC+
                  | AC+3}
 47331 | Vaults:1 | Reached skill level 20 in Dodging
 47368 | Vaults:1 | Killed TuffENuff's ghost
 47706 | Vaults:5 | Entered Level 5 of the Vaults
 47706 | Vaults:5 | Noticed a golden dragon
 47719 | Vaults:5 | Reached XP level 24. HP: 196/204 MP: 0/0
 47719 | Vaults:5 | Killed a golden dragon
 47736 | Vaults:5 | Reached skill level 21 in Dodging
 48095 | Vaults:5 | Noticed an ancient lich
 48106 | Vaults:5 | Identified the +2 leather armour of Rotten Beauty {rC+
                  | Str+3}
 48106 | Vaults:5 | Identified the ring "Ankizy Nekk" {rPois Str+6}
 48115 | Vaults:5 | Killed an ancient lich
 48120 | Vaults:5 | Identified the staff of cold "Ubesyrph" {rC+ Str+2 Dex+5}
 48194 | Vaults:5 | Identified the +13 plate armour of Levity {rPois}
 48348 | Vaults:5 | Got a silver rune of Zot
 48448 | Vaults:5 | Reached skill level 22 in Dodging
 48571 | Vaults:5 | Identified the +0 shadow dragon scales of the Unseen Realm
                  | {rF- Regen+ rCorr Int+3 Stlth++++}
 48621 | Vaults:5 | Identified the +2 leather armour "Koik" {rPois}
 48628 | Vaults:5 | Identified the +0 scimitar of the Moon {heavy, rN+}
 48660 | Vaults:5 | Noticed an ancient lich
 48665 | Vaults:5 | Killed an ancient lich
 48666 | Vaults:5 | Identified the +5 dagger "Demon's Curse" {flame, *Slow
                  | rElec rC- Str+8}
 48787 | Vaults:5 | Identified the +4 falchion "Baitesoe" {spect, rPois rF+
                  | Str+2 Dex-5}
 49440 | Depths:1 | Entered Level 1 of the Depths
 49444 | Depths:1 | Found a shadowy altar of Dithmenos.
 49521 | Depths:1 | Reached skill level 23 in Dodging
 49564 | Depths:1 | Found Niesavodd's Book Shoppe.
 49566 | Depths:1 | Reached XP level 25. HP: 208/208 MP: 0/0
 49566 | Depths:1 | Learned a level 9 spell: Chain Lightning
 49700 | Depths:1 | Found a transporter.
 49717 | Depths:1 | Found a transporter.
 49850 | Depths:1 | Found a gateway to Hell.
 49904 | Depths:1 | Identified the Lectures on the Deathly Figure
 49904 | Depths:1 | Identified the +7 demon trident of the Beginning {vamp,
                  | MP+9}
 50237 | Depths:1 | Found a transporter.
 50257 | Depths:1 | Found a transporter.
 50688 | Depths:2 | Reached skill level 24 in Dodging
 50874 | Depths:2 | Reached skill level 10 in Armour
 50906 | Depths:2 | Noticed a caustic shrike
 51319 | Depths:2 | Noticed a caustic shrike
 51327 | Depths:2 | Killed a caustic shrike
 51471 | Depths:2 | Reached skill level 10 in Short Blades
 51529 | Depths:2 | Killed a caustic shrike
 51638 | Depths:2 | Found a one-way gate leading to the halls of Pandemonium.
 51640 | Depths:2 | Found the +5 Storm Queen's Shield {shock, Fly rElec}
 51887 | Depths:2 | Identified the ring "Fughopso" {Will+ AC+4 Str+4 Int-2
                  | Stlth+}
 51889 | Depths:2 | Identified the staff of death "Rasa" {rN+ Str+2}
 52025 | Depths:2 | Reached skill level 1 in Shields
 52539 | Depths:2 | Reached XP level 26. HP: 207/210 MP: 0/0
 52888 | Depths:3 | Noticed Margery
 52919 | Depths:3 | Killed Margery
 53038 | Depths:3 | Found Gozag's Antique Weapon Shop.
 53046 | Depths:3 | Found an opulent altar of Gozag.
 53055 | Depths:3 | Found Gozag's Assorted Antiques.
 53062 | Depths:3 | Found Gozag's Assorted Antiques.
 53065 | Depths:3 | Reached skill level 5 in Shields
 53180 | Depths:3 | Found a one-way gateway to a ziggurat.
 53284 | Depths:3 | Found a one-way gate to the infinite horrors of the Abyss.
 53357 | Depths:3 | Noticed Boris
 53373 | Depths:3 | Killed Boris
 53496 | Depths:3 | Identified the +8 mace of Plog {holy, rN+}
 53952 | Depths:4 | Entered Level 4 of the Depths
 54223 | Depths:4 | Reached skill level 10 in Shields
 55273 | Depths:4 | Found a gate to the Realm of Zot.
 55445 | Zot:1    | Entered Level 1 of the Realm of Zot
 55545 | Zot:1    | Identified the +1 barding of the Iron City of Dis {rF-
                  | Dex+3}
 55682 | Zot:1    | Reached XP level 27. HP: 140/217 MP: 0/0
 55682 | Zot:1    | Learned a level 9 spell: Fire Storm
 56042 | Zot:1    | Reached skill level 15 in Spellcasting
 57168 | Zot:3    | Noticed a Killer Klown
 57175 | Zot:3    | Killed a Killer Klown
 57587 | Zot:3    | Found a transporter.
 57727 | Zot:3    | Found the +3 salamander hide armour {Flames, rFlCloud rF++
                  | rC--}
 57729 | Zot:3    | Found a transporter.
 57732 | Zot:3    | Identified the amulet "Vioxy" {Acrobat Slay+2}
 57732 | Zot:3    | Identified the ring of Quid {rN+ Str-4 Dex+6 SInv}
 57733 | Zot:3    | Identified the ring of Sefako {rPois rC+ Str+2 SInv}
 58063 | Zot:3    | Noticed an orb of fire
 58080 | Zot:3    | Killed an orb of fire
 58161 | Zot:3    | Noticed an orb of fire
 58178 | Zot:3    | Gained mutation: You sometimes lose your temper in combat.
                  | [an orb of fire]
 58183 | Zot:3    | Killed an orb of fire
 58642 | Zot:4    | Found a runed translucent door.
 58643 | Zot:4    | Noticed Urrumaza's ghost (master MfBe)
 58769 | Zot:4    | Identified the +1 pair of boots of Happiness {rElec rPois
                  | rN++ Dex-2}
 58773 | Zot:4    | Identified the Quarto of Lithomancy
 58775 | Zot:4    | Identified the +1 hat of Evolution {Contam rElec Int+4}
 58918 | Zot:4    | Found a transporter.
 58919 | Zot:4    | Found a transporter.
 58921 | Zot:4    | Found a transporter.
 59018 | Zot:4    | Found a transporter.
 59659 | Zot:4    | Killed Urrumaza's ghost
 59740 | Zot:5    | Entered Level 5 of the Realm of Zot
 60243 | Zot:5    | Noticed an orb of fire
 60245 | Zot:5    | Noticed an orb of fire
 60248 | Zot:5    | Gained mutation: You are frail. (-10% HP) [an orb of fire]
 60248 | Zot:5    | Noticed a Killer Klown
 60252 | Zot:5    | Gained mutation: Your muscles are strong. (Str +4, Int/Dex
                  | -1) [an orb of fire]
 60442 | Zot:5    | Noticed a Killer Klown
 60451 | Zot:5    | Killed a Killer Klown
 60463 | Zot:5    | Noticed a Killer Klown
 60470 | Zot:5    | Killed a Killer Klown
 60487 | Zot:5    | Noticed a Killer Klown
 60488 | Zot:5    | Noticed a Killer Klown
 60493 | Zot:5    | Gained mutation: You occasionally shout uncontrollably at
                  | your foes. [an orb of fire]
 60549 | Zot:4    | Gained mutation: You are very frail. (-20% HP) [an orb of
                  | fire]
 60553 | Zot:4    | Gained mutation: You occasionally lose the ability to read
                  | scrolls when taking damage. [an orb of fire]
 60557 | Zot:4    | Killed an orb of fire
 60562 | Zot:4    | Lost mutation: You are very frail. (-20% HP) [potion of
                  | mutation]
 60562 | Zot:4    | Lost mutation: You are frail. (-10% HP) [potion of
                  | mutation]
 60562 | Zot:4    | Lost mutation: You occasionally shout uncontrollably at
                  | your foes. [potion of mutation]
 60562 | Zot:4    | Gained mutation: You are frail. (-10% HP) [potion of
                  | mutation]
 60562 | Zot:4    | Gained mutation: You are occasionally teleported next to
                  | monsters. [potion of mutation]
 60562 | Zot:4    | Gained mutation: You are very frail. (-20% HP) [potion of
                  | mutation]
 60563 | Zot:4    | Lost mutation: You are very frail. (-20% HP) [potion of
                  | mutation]
 60563 | Zot:4    | Lost mutation: You are occasionally teleported next to
                  | monsters. [potion of mutation]
 60563 | Zot:4    | Gained mutation: Your mind is acute. (Int +4, Str/Dex -1)
                  | [potion of mutation]
 60591 | Zot:5    | Killed a Killer Klown
 60611 | Zot:5    | Killed a Killer Klown
 61426 | Zot:5    | Killed an orb of fire
 61658 | Zot:5    | Noticed an ancient lich
 61664 | Zot:5    | Killed an ancient lich
 62106 | Zot:5    | Got the Orb of Zot
 62113 | Zot:5    | Noticed Heen the pandemonium lord
 62118 | Zot:5    | Killed Heen the pandemonium lord
 62443 | D:12     | Noticed Boris
 62451 | D:12     | Killed Boris
 62561 | D:8      | Noticed Zocvups the pandemonium lord
 62580 | D:8      | Killed Zocvups the pandemonium lord
 62708 | D:$      | Escaped with the Orb!

Illustrated notes

Levels and vault maps discovered:
D:1:      spicycebolla_arrival_clurvy, layout_basic, minmay_misc_feat_roman,
          hangedman_decor_points
D:2:      layout_basic, basic_altar
D:3:      layout_basic, serial_shops, shop_statue, gammafunk_ghost_mausoleum,
          kennysheep_generic_room_13, uniq_grinder, uniq_ijyb
D:4:      layout_loops_ring, minmay_temple_entry_nine_rooms, minmay_rat_hole,
          uniq_sigmund
D:5:      layout_loops_corners, gup_ossuary_entry_pyramid, minmay_checkerbox
D:6:      layout_rooms, minitemple, jmf_multi_god_temple2
D:7:      layout_basic, hangedman_decor_peaks_small, due_unseen_surprise
D:8:      layout_basic, elyvilon_altar_5, st_stairs_13, minmay_fire_ice_demons
D:9:      minmay_cornered_nines, layout_irregular_city, lair_entry_dummy,
          uniq_prince_ribbit1, uniq_erica
D:10:     layout_irregular_city, orc_0_dummy, serial_shops, shop_statue, shop,
          shop, nicolae_book_shop_shelving, nicolae_shop_overgrown_old_shop
D:11:     wad_woods_minihive, layout_stronghold, serial_shops,
          nicolae_shop_trees, minmay_joined_circles, uniq_grum
D:12:     layout_stronghold
D:13:     layout_gridville, kennysheep_flooded_box, minmay_statues_item,
          minmay_hollow_rounded_squares
D:14:     layout_basic, erik_vaults_2, portal_ice_cave_entry_pillars_four
D:15:     hangedman_depths_entry_try_elsewhere_first, layout_gridville,
          nicolae_trove_entry_path_of_doom
Temple:   eino_wide_crystal_templ
Lair:1:   layout_concentric_octagons, minivault_25
Lair:2:   layout_regular_city
Lair:3:   layout_gridlike, elwin_shoals_entry_stream, spider_nest_entry_a
Lair:4:   layout_big_grid, gammafunk_ghost_cemetery, pond, lemuel_fruit_tree
Lair:5:   minmay_lair_end_enchanted_forest, layout_misc_corridors,
          minmay_slime_entry_pillars, gammafunk_ghost_icy, grunt_megastairs_4,
          uniq_urug
Shoals:1: layout_shoals, serial_shops, shop
Shoals:2: layout_shoals, gammafunk_ghost_cemetery, uniq_nikola
Shoals:3: layout_shoals, serial_shops, nicolae_shop_tiny_statue_garden
Shoals:4: shoals_end_grunt_garden, layout_shoals, serial_shops, shop,
          nicolae_shoals_hunting_party
Spider:1: layout_spider_delve
Spider:2: nicolae_spider_hilbert_zone_6 [nicolae_spider_hilbert_4_sides_1_open,
          nicolae_spider_hilbert_4_sides_1_open,
          nicolae_spider_hilbert_4_sides_1_open,
          nicolae_spider_hilbert_4_sides_1_open,
          nicolae_spider_hilbert_4_sides_1_open,
          nicolae_spider_hilbert_4_sides_1_open,
          nicolae_spider_hilbert_4_sides_1_open]
Spider:3: spiders_nest_scorpion_pit
Spider:4: guppyfry_spider_rune, uniq_bai_suzhen
Orc:1:    layout_diamond_mine, serial_shops, nicolae_shop_drivethru
Orc:2:    grunt_orc_cross, layout_caves, enter_volcano_4, uniq_rupert
Elf:1:    layout_rooms, minmay_elf_necromancy, minivault_24,
          minmay_elf_demonology
Elf:2:    elven_hall_of_blades_hangedman_original
          [nicolae_blade_entry_area_security], layout_loops_corners,
          uniq_jorgrun
Elf:3:    minmay_elf_hall_hex, layout_geoelf_castle, nrook_mini_backslash
Vaults:1: gammafunk_ghost_spectres, v_misc_33, nicolae_vaults_twisting_passages,
          nicolae_vaults_alarming, nicolae_vaults_double_plus_1,
          nicolae_vaults_swerve, nicolae_vaults_shipping_containers_5,
          v_misc_25, v_misc_12, nicolae_vaults_wrenched, v_misc_24,
          nicolae_vaults_storage_closets_1, nicolae_vaults_diamond_2,
          nicolae_vaults_tetromino_Z_1, layout_vaults_omnicross
Vaults:2: hangedman_vaults_maws, serial_ice_g,
          hangedman_vaults_stretched_pinwheel, hangedman_vaults_variations,
          hangedman_vaults_pinch, vaults_mumra_lcd,
          nicolae_vaults_tetromino_T_1, nicolae_vaults_weapon_check,
          hangedman_vaults_trim, nicolae_vaults_doubleplus_tesselated,
          vaults_dpeg_diagonal, layout_vaults_big_room, serial_shops, shop,
          uniq_asterion, uniq_donald
Vaults:3: vaults_dpeg_ring, grunt_vaults_trifunnel, ontoclasm_vaults_twist,
          v_misc_32, minmay_crypt_entry_simple_sparse, nicolae_vaults_triangles,
          not_door_vault_due, vaults_room_octagon, v_misc_11,
          vaults_dpeg_spiral, v_rooms_2, hangedman_vaults_slice,
          v_alt_pattern_1, nicolae_vaults_diamond_2, layout_vaults_omnibox,
          uniq_boris
Vaults:4: ontoclasm_vaults_gateway, nicolae_vaults_closet_pinwheel_4,
          ontoclasm_vaults_chip, nicolae_vaults_network_periphery,
          nicolae_vaults_lightning_bolt, v_alt_pattern_2,
          nicolae_vaults_more_shelving_1, vaults_room_door_ring,
          nicolae_vaults_house_3, vaults_room_door_ring, nicolae_vaults_mitosis,
          v_alt_pattern_4, layout_vaults_maze_bifur
Vaults:5
Depths:1: layout_roguey, hellmouth_2, nicolae_dithmenos_the_darkroom,
          nicolae_diode_intersection, minmay_shop_star
Depths:2: box_level_dp, pan_entry, hell_entry
Depths:3: kennysheep_gozag_temple, layout_gridlike, enter_ziggurat_a,
          pf_coc_iceberg, lemuel_doored_altar, abyss_entry_crystal,
          serial_bayou_shore_a, uniq_margery
Depths:4: evilmike_zot_entry_gauntlet, layout_basic, abyss_entry, hellmouth_1,
          skrybe_limestone_x, minmay_misc_feat_iff
Zot:1:    layout_basic, grunt_ministairs_15
Zot:2:    layout_cellular_growth, grunt_megastairs_5
Zot:3:    gammafunk_dig_for_victory, layout_onion
Zot:4:    layout_basic, hellmonk_ghost_big_iron, nicolae_diode_quadrants
Zot:5:    layout_twisted_circle

Skill      XL: |  1  2  3  4  5  6  7  8  9 10 11 12 13 14 15 16 17 18 19 20 21 22 23 24 25 26 27 |
---------------+----------------------------------------------------------------------------------+-----
Stealth        | 2 3 4 5 6 7 8 |  8.1
Fighting       | 1 3 4 6 8 9 10 11 12 13 14 15 16 17 19 20 | 20.6
Spellcasting   | 3 4 6 7 8 9 10 11 12 13 14 20 | 20.0
Armour         | 1 2 3 5 6 8 9 12 | 12.9
Dodging        | 3 4 5 9 11 13 15 16 17 19 20 23 24 | 24.5
Ranged Weapons | 2 4 5 8 9 10 11 12 13 14 | 14.5
Short Blades   | 3 4 5 6 7 9 10 | 10.1
Evocations     | 3 4 5 6 8 10 11 13 14 | 14.2
Throwing       | 2 3 4 |  4.6
Shields        | 1 13 | 13.9

Action                     |  1- 3 |  4- 6 |  7- 9 | 10-12 | 13-15 | 16-18 | 19-21 | 22-24 | 25-27 || total
---------------------------+-------+-------+-------+-------+-------+-------+-------+-------+-------++-------
  Melee: Dagger            |     4 |     1 |    57 |     6 |    40 |    26 |    34 |    59 |   188 ||   415
         Unarmed           |       |     4 |       |       |       |       |       |       |       ||     4
         Staff             |       |     1 |     2 |    19 |    85 |    18 |    15 |     5 |     4 ||   149
         Hand axe          |       |       |    60 |       |       |       |       |       |       ||    60
         Punch             |       |       |     1 |       |     3 |       |     1 |     2 |     3 ||    10
   Fire: Longbow           |       |       |       |    86 |   321 |   376 |   704 |   806 |   363 ||  2656
         Hand crossbow     |       |       |       |       |       |       |       |       |   902 ||   902
  Throw: Dart              |       |       |       |       |     1 |     1 |     2 |     3 |       ||     7
         Throwing net      |       |       |       |       |       |       |     1 |     6 |       ||     7
   Cast: Sting             |    15 |    19 |    17 |     5 |       |       |       |       |       ||    56
         Poisonous Vapours |    43 |    39 |   100 |    27 |     2 |       |       |       |       ||   211
         Magic Dart        |    15 |    26 |   175 |   145 |     8 |       |       |       |     1 ||   370
         Mephitic Cloud    |       |     1 |     7 |    19 |    41 |     9 |    29 |    45 |    43 ||   194
         Momentum Strike   |       |       |     9 |    41 |    14 |     1 |       |       |       ||    65
         Olgreb's Toxic Ra |       |       |    10 |    86 |   248 |   174 |   180 |   141 |    85 ||   924
         Leda's Liquefacti |       |       |       |     8 |    15 |     2 |       |       |       ||    25
         Passwall          |       |       |       |     1 |     4 |     5 |       |     1 |     1 ||    12
         Death Channel     |       |       |       |       |    19 |    12 |    17 |    40 |    19 ||   107
         Yara's Violent Un |       |       |       |       |     1 |       |       |     1 |    22 ||    24
         Simulacrum        |       |       |       |       |       |   123 |   128 |       |       ||   251
         Cause Fear        |       |       |       |       |       |     2 |       |       |       ||     2
         Discord           |       |       |       |       |       |       |     1 |     1 |    45 ||    47
         Summon Cactus Gia |       |       |       |       |       |       |       |     3 |       ||     3
         Summon Horrible T |       |       |       |       |       |       |       |     2 |    11 ||    13
         Chain Lightning   |       |       |       |       |       |       |       |       |    28 ||    28
         Fire Storm        |       |       |       |       |       |       |       |       |    13 ||    13
 Invoke: Curse Item        |       |       |     1 |     1 |     4 |     2 |     1 |       |     3 ||    12
         Shatter the Chain |       |       |       |       |       |     2 |       |     1 |     1 ||     4
  Evoke: Box of beasts     |       |       |       |     2 |       |       |       |       |       ||     2
         Wand              |       |       |       |       |     1 |     3 |     4 |    12 |    13 ||    33
         Phial of floods   |       |       |       |       |     1 |       |     1 |     2 |       ||     4
         Phantom mirror    |       |       |       |       |       |       |       |       |     1 ||     1
    Use: Potion            |       |     2 |       |       |       |     1 |       |     1 |     8 ||    12
         Scroll            |       |       |     7 |     4 |     4 |     2 |     5 |     3 |    16 ||    41
   Stab: Sleeping          |       |     1 |     4 |       |     6 |     8 |    11 |     7 |     3 ||    40
         Confused          |       |       |     1 |     3 |    15 |     2 |     1 |    11 |    24 ||    57
         Distracted        |       |       |       |       |       |     1 |     1 |     2 |     5 ||     9
         Invisible         |       |       |       |       |       |       |     2 |     4 |       ||     6
         Held in net/web   |       |       |       |       |       |       |       |     3 |       ||     3
 Armour: Robe              |    15 |     9 |    73 |       |    81 |    13 |       |       |       ||   191
         Skin              |       |     5 |       |       |       |       |       |       |       ||     5
         Leather armour    |       |       |    16 |       |       |       |       |       |       ||    16
         Steam dragon scal |       |       |     3 |    42 |     4 |       |       |       |       ||    49
         Animal skin       |       |       |       |       |       |    53 |    46 |    51 |    93 ||   243
  Dodge: Dodged            |    18 |     5 |   138 |   111 |   265 |   301 |   418 |   450 |   912 ||  2618
  Block: Kite shield       |       |       |       |       |       |       |       |       |   347 ||   347
